Cogmind - Beta 16 @@@ ROGUE MODE // 2025.12.30 @ 14:50:32 Player: exo Result: Destroyed by D-53 Grenadier with Mini Grenade Launcher Performance ------------- Evolutions (0) 0 Regions Visited (2) 400 Robots Destroyed (4) 20 Value Destroyed (64) 64 Prototype IDs (0) 0 Alien Tech Used (0) 0 Bonus (0) 0 TOTAL SCORE: 484 Bonus ------- None Cogmind --------- Core Integrity 0/250 Matter 177/300 Energy 250/250 System Corruption 3% Temperature Cool (0) Movement Walking (400) Ox4 Location -10/Mines Parts ------- > --- POWER (1) -------- Ion Engine > --- PROPULSION (2) --- Aluminum Leg Aluminum Leg > --- UTILITY (2) ------ Heat Sink Huge Storage Unit > --- WEAPON (2) ------- Mining Claw Makeshift Sword > --- INVENTORY (25) --- Ion Engine Small Storage Unit Machine Analyzer Sensor Array Signal Interpreter Hacking Suite EM Pulse Gun Light Assault Rifle Peak State ------------ > --- POWER ------------ Ion Engine > --- PROPULSION ------- Aluminum Leg Aluminum Leg > --- UTILITY ---------- Heat Sink Huge Storage Unit > --- WEAPON ----------- Mining Claw Makeshift Sword > --- INVENTORY -------- Ion Engine Small Storage Unit Machine Analyzer Sensor Array Signal Interpreter Hacking Suite EM Pulse Gun Light Assault Rifle [Rating: 11] Favorites ----------- Power Ion Engine Engine Ion Engine Propulsion Light Treads Treads Light Treads Leg Aluminum Leg Utility Heat Sink Device Heat Sink Storage Small Storage Unit Weapon Makeshift Sword Ballistic Gun Assault Rifle Slashing Weapon Makeshift Sword Build | -11 -10 -10 ------- Run | Yrd Mat Min Slots Evolved . | . . . Power . | . . . Propulsion . | . . . Utility . | . . . Weapon . | . . . Parts Attached 13 | 6 1 6 Power 2 | 1 . 1 Engine 2 | 1 . 1 Core . | . . . Reactor . | . . . Propulsion 4 | 2 . 2 Treads 2 | 2 . . Leg 2 | . . 2 Wheel . | . . . Hover . | . . . Flight . | . . . Utility 3 | 1 1 1 Device 1 | . 1 . Storage 2 | 1 . 1 Processor . | . . . Hackware . | . . . Protection . | . . . Artifact . | . . . Weapon 4 | 2 . 2 Energy Gun . | . . . Energy Cannon . | . . . Ballistic Gun 2 | 2 . . Ballistic Cannon . | . . . Launcher . | . . . Special Weapon . | . . . Impact Weapon . | . . . Slashing Weapon 2 | . . 2 Piercing Weapon . | . . . Special Melee Weapon . | . . . Unidentified Prototypes . | . . . Parts Lost 4 | . 4 . Power 1 | . 1 . Propulsion 2 | . 2 . Utility . | . . . Weapon 1 | . 1 . Highest Loss Streak 4 | . 4 . To Critical Strikes . | . . . Average Backups 4 | 1 2 5 Power . | . 1 . Propulsion . | . . . Utility 2 | . . 3 Weapon 1 | . . 1 Tool/Special . | . . . Unused Backups 8 | 1 . 7 Power 1 | . . 1 Propulsion . | . . . Utility 4 | . . 4 Weapon 3 | 1 . 2 Tool/Special . | . . . Average Slot Usage (%) 73 | . 82 69 Engine 13 | . 11 13 Treads 6 | . 26 . Leg 5 | . . 6 Device 12 | . 7 14 Storage 14 | . 14 14 Ballistic Gun 6 | . 22 1 Slashing Weapon 13 | . . 18 Peak Build Rating 11 | 6 7 11 Average Rating 7 | 4 5 8 On Entrance 2 | . 6 2 Avg Prop Armor Cover (%) . | . . . Naked Turns . | . . . Heaviest Build 90 | 14 15 90 Greatest Support 40 | 40 40 20 Greatest Overweight (x) 8 | . 1 8 Average Overweight (x) 2 | . . 4 Largest Inventory Capacity 25 | 8 8 25 Average Capacity 13 | 6 8 15 Most Carried 9 | 4 4 9 Average Carried 4 | 1 2 5 Final Capacity 25 | 8 8 25 Final Carried 8 | 1 4 8 Class Distribution -------------------- 67% | Mutant 32% | Derelict-Mutant Dominant Class ---------------- Mutant | -10/Materials Mutant | -10/Mines Resources | -11 -10 -10 ----------- Run | Yrd Mat Min Matter Collected 375 | 44 67 264 Remotely . | . . . Salvage Created 96 | . 67 29 Parts 8 | . 6 2 Haulers Intercepted . | . . . Recyclers Shooed . | . . . Parts Field Recycled . | . . . Retrieved Matter . | . . . Parts Self-Destructed . | . . . Prevented . | . . . Parts Restored . | . . . Kills | -11 -10 -10 ------- Run | Yrd Mat Min Combat Hostiles Destroyed 1 | . 1 . Guns 1 | . 1 . Classes Destroyed 4 | . 3 1 Worker 1 | . . 1 Mechanic 1 | . 1 . Operator 1 | . 1 . Grunt 1 | . 1 . Best Kill Streak 1 | . 1 1 Combat Bots Only 1 | . 1 . Max Kills in Single Turn 1 | . 1 1 Gunslinging . | . . . Exploded . | . . . Melee . | . . . Uniques/NPCs Destroyed . | . . . Combat | -11 -10 -10 -------- Run | Yrd Mat Min Hostile Shots Fired 101 | . 93 8 Missed 26 | . 25 1 Hits 75 | . 68 7 Projectile 75 | . 68 7 AOE 3 | . . 3 Damage Taken 930 | . 752 178 Core 257 | . 164 93 Absorbed by Shields . | . . . Core Remaining (%) 100 | 100 . . Volleys Fired 21 | . 21 . Largest 2 | . 2 . Hottest 40 | . 40 . Shots Fired 42 | . 42 . Gun 42 | . 42 . Cannon . | . . . Launcher . | . . . Special . | . . . Kinetic 42 | . 42 . Thermal . | . . . Explosive . | . . . Electromagnetic . | . . . Robot Hit Streak 5 | . 5 . Robot Miss Streak 4 | . 4 . Penetration Max . | . . . Secondary Targets . | . . . Shots Hit Robots 23 | . 20 3 Core Hits 8 | . 7 1 Critical Kills . | . . . Critical Parts Destroyed . | . . . Critical Strikes 1 | . . 1 Sever 1 | . . 1 Melee Attacks 5 | . . 5 Impact . | . . . Slashing 5 | . . 5 Piercing . | . . . Sneak Attacks 2 | . . 2 Combat Hostiles . | . . . Follow-up Attacks . | . . . Damage Inflicted 419 | . 243 176 Guns 231 | . 231 . Cannons . | . . . Explosions . | . . . Melee 176 | . . 176 Ramming 12 | . 12 . Kinetic 231 | . 231 . Thermal . | . . . Explosive . | . . . Electromagnetic . | . . . Impact . | . . . Slashing 176 | . . 176 Piercing . | . . . Highest Corruption 3 | . 3 3 Average Corruption 2 | . 2 3 Corruption Purged . | . . . Corruption Blocked . | . . . Effects 22 | . . 22 Message Errors 2 | . . 2 Matter Fused 7 | . . 7 Heat Flow Errors 5 | . . 5 Energy Discharges 1 | . . 1 Data Loss (minor) 5 | . . 5 Data Loss (major) 1 | . . 1 Alerts 1 | . . 1 Overload Shots . | . . . Overflow Damage 36 | . . 36 Projectiles . | . . . Explosions . | . . . Melee 36 | . . 36 Knockbacks . | . . . Impact . | . . . Kinetic . | . . . Secondary . | . . . Self-Inflicted Damage 4 | . 4 . Shots . | . . . Rammed 3 | . 3 . Targets Rammed 4 | . 4 . Kicked . | . . . Crushed 1 | . 1 . Highest Temperature 244 | . . 244 Average Temperature 97 | . . 97 Received Heat Transfer 408 | . 408 . Siege Activations . | . . . Martial Activations . | . . . Shielding Activations . | . . . Robots Disrupted . | . . . Combat Hostiles . | . . . Robots Corrupted . | . . . Combat Hostiles . | . . . Parts Fried . | . . . Impact Corruptions . | . . . Robots Melted . | . . . Combat Hostiles . | . . . Parts Melted . | . . . Heat Transferred . | . . . Parts Sabotaged . | . . . Parts Stolen . | . . . Parts Stripped . | . . . Power Chain Reactions . | . . . Alert | -11 -10 -10 ------- Run | Yrd Mat Min Maximum Alert Level . | . . . Low Security (%) 100 | 100 100 100 Level 1 . | . . . Level 2 . | . . . Level 3 . | . . . Level 4 . | . . . Level 5 . | . . . High Security . | . . . Max Security . | . . . Peak Influence 35 | . 35 7 Initial 7 | . . 7 Average 1 | . 6 . Influence Increases 105 | . 100 5 Destroy 0b10 Robot/C 20 | . 20 . Destroy 0b10 Robot/NC 15 | . 10 5 Destroy Leader 10 | . 10 . Partial Spotted 15 | . 15 . Lose Combat Pursuer 45 | . 45 . Influence Decreases 105 | . 80 25 Entered New Map 13 | . . 13 Time Decay 92 | . 80 12 Squads Dispatched 3 | . 3 . Investigation . | . . . Extermination . | . . . Reinforcement 3 | . 3 . Assault . | . . . Garrison . | . . . Intercept . | . . . Searches Triggered . | . . . Construction Impeded . | . . . Haulers Reinforced . | . . . Active Scanning Responses . | . . . Cargo Convoy Interrupts . | . . . Stealth | -11 -10 -10 --------- Run | Yrd Mat Min Distress Signals 1 | . 1 . Communications Jammed . | . . . Distress Signals . | . . . Times Spotted 17 | . 13 4 Peak Tracking Total 4 | . 4 4 Tactical Retreats 2 | . 2 . Traps | -11 -10 -10 ------- Run | Yrd Mat Min Traps Triggered 2 | . 2 . Indirectly . | . . . Trap Hack Attempts . | . . . Triggered . | . . . Disarmed . | . . . Reprogrammed . | . . . Reused . | . . . Traps Extracted . | . . . Installed . | . . . Triggered . | . . . Machines | -11 -10 -10 ---------- Run | Yrd Mat Min Machines Disabled . | . . . Max in Single Turn . | . . . Machines Repaired . | . . . Machines Dismantled . | . . . Machines Sabotaged . | . . . Overloaded Fab Kills . | . . . Hacking | -11 -10 -10 --------- Run | Yrd Mat Min Machines Accessed . | . . . Terminals . | . . . Fabricators . | . . . Repair Stations . | . . . Recycling Units . | . . . Scanalyzers . | . . . Garrison Access . | . . . Total Hacks . | . . . Successful . | . . . Failed . | . . . Catastrophic . | . . . Database Lockouts . | . . . Manual . | . . . Terminals . | . . . Fabricators . | . . . Repair Stations . | . . . Recycling Units . | . . . Scanalyzers . | . . . Garrison Access . | . . . Terminal Hacks . | . . . Fabricator Hacks . | . . . Repair Station Hacks . | . . . Recycling Unit Hacks . | . . . Scanalyzer . | . . . Garrison Access Hacks . | . . . Unauthorized Hacks . | . . . Terminals . | . . . Fabricators . | . . . Repair Stations . | . . . Recycling Units . | . . . Scanalyzers . | . . . Garrison Access . | . . . Data Cores Recovered . | . . . Used . | . . . Hacking Detections . | . . . Full Trace Events . | . . . Feedback Events . | . . . Feedback Blocked . | . . . Robot Schematics Acquired . | . . . Robots Built . | . . . Authchips . | . . . Time . | . . . Total Robot Build Rating . | . . . Part Schematics Acquired . | . . . Parts Built . | . . . Authchips . | . . . Time . | . . . Total Part Build Rating . | . . . Part Studies Acquired . | . . . Parts Repaired . | . . . Time . | . . . Parts Recycled . | . . . Recycled Matter . | . . . Retrieved Matter . | . . . Retrieved Components . | . . . Parts Scanalyzed . | . . . Part Schematics Acquired . | . . . Parts Damaged . | . . . Bothacking | -11 -10 -10 ------------ Run | Yrd Mat Min Used RIF Installer . | . . . Robots Hacked . | . . . Non-combat . | . . . Combat . | . . . Robot Hacks Applied . | . . . Relay Couplers Released . | . . . Fabnet Peak Effective % . | . . . Robots Rewired . | . . . Allies Hacked . | . . . Hacks Repelled . | . . . Allies | -11 -10 -10 -------- Run | Yrd Mat Min Total Allies . | . . . Largest Group . | . . . Highest-Rated Group . | . . . Highest-Rated Ally . | . . . Total Orders . | . . . Ally Attacks . | . . . Total Damage . | . . . Kills . | . . . Allies Corrupted . | . . . Allies Melted . | . . . Intel | -11 -10 -10 ------- Run | Yrd Mat Min Active Infowar (turns) . | . . . Robot Analysis Total . | . . . Derelict Logs Recovered 1 | . . 1 Drone Launches . | . . . Drone Recoveries . | . . . Exploration | -11 -10 -10 ------------- Run | Yrd Mat Min Turns Passed 1671 | 124 380 1167 Spaces Moved 580 | 45 198 337 Core 276 | 12 15 249 Treads 216 | 33 183 . Legs 88 | . . 88 Wheels . | . . . Hover . | . . . Flight . | . . . Fastest Speed 50 | 50 100 190 Average Speed 259 | 130 155 337 Slowest Speed 680 | 160 160 680 Overloaded Moves . | . . . Propulsion Burnouts . | . . . Robots Hopped . | . . . Potential Cave-ins . | . . . Cave-ins Triggered . | . . . Exploration Rate (%) 36 | 4 28 76 Regions Visited 2 Branch Regions 1 Pre-discovered Areas . | . . . Known Exits Taken . | . . . Unknown Exits Taken 2 | 1 1 . Scrap Searched 1 | . . 1 Spaces Dug . | . . . Terrain Destroyed . | . . . Melee . | . . . Projectile . | . . . AOE . | . . . Terrain Rammed . | . . . Walls Destroyed . | . . . Machines Disabled . | . . . Actions | -11 -10 -10 --------- Run | Yrd Mat Min Total 699 | 111 227 361 Wait 49 | 49 . . Move 578 | 44 197 337 Hop . | . . . Pick Up 22 | 9 3 10 Fast Attach . | . . . Attach 14 | 7 1 6 Detach 2 | . 1 1 Swap 1 | . . 1 Drop 3 | 2 . 1 Fire 21 | . 21 . Melee 5 | . . 5 Ram 2 | . 2 . Kick . | . . . Crush 2 | . 2 . Escape Stasis . | . . . Rewire . | . . . Trap . | . . . Miscellaneous . | . . . Route ------- -11/Scrapyard -10/Materials -10/Mines (discovered 1 exit: [*Mat]) History --------- Turn | Location | Event 9 | -11/Scrapyard | Discovered new exit (range 14) 125 | -11/Scrapyard | Entered Materials 329 | -10/Materials | Build established: Mutant 426 | -10/Materials | Core integrity fell below 50% 497 | -10/Materials | Discovered new exit (range 7) 505 | -10/Materials | Entered Mines 520 | -10/Mines | Lost 4 parts (1p2n1w) 640 | -10/Mines | A weapon hastily lodged in a ceiling crevice suddenly fell to the ground 1042 | -10/Mines | Discovered new exit (range 13) 1125 | -10/Mines | Found DCF Scrap (13 items) 1192 | -10/Mines | Learned location of 1 exit from Materials 1438 | -10/Mines | Build established: Derelict-Mutant 1639 | -10/Mines | Assembled infested the area 1672 | -10/Mines | Destroyed by D-53 Grenadier with Mini Grenade Launcher Last Messages --------------- lost. System corrupted: Component data lost. Sneak attack on K-01 Serf. Destroyed Wheel. K-01 Serf destroyed. Acquired 29 matter. K-01 Serf collects debris. R-06 Scavenger collects Wheel. K-01 Serf collects debris. Sneak attack on R-06 Scavenger. System corrupted: Matter fused (-9). ALERT: Infestation in the mines, dispatching Demolisher response squad. System corrupted: Component data lost. C-45 Heavy ARC bursts open, deploying its payload. D-53 Grenadier unfolds itself. D-53 Grenadier Imp. Light Armor Plating severed. D-53 Grenadier destroyed. Acquired 48 matter. Map ----- +----------------------------------------------------+ | | | | | | | ??????????????????????????????????????????????? | | ??????????????????????????????????????????????? | | ??????????????????????????????????????????????? | | ??????????????????????????????????????????????? | | ??????????????????????????????????????????????? | | ??????????????????????????????????????????????? | | ??????????????????????????????????????????????? | | ??????????????????????????????????????????????? | | ??????????????????????????????????????????????? | | ###???????????????????????????????????????????? | | #???????????????????????????????????????????? | | #???????????????????????????????????????????? | | # #???????????????????????????????????????????? | | ???????????????#??????????????????????????????? | | ???????????????# ?????????????????????????????? | | ???????????????# ????????????????????????????? | | ???????????????# ?????###??##???????????????? | | ????????????????? ????# a? ????????????????? | | ?????????????????? ####a## #????????????????? | | ???????????????????? # #????????????????? | | ?????????????????????# #????????????????? | | ??????????????????????# #????????????????? | | ??????????????????????# @ #??????????????????? | | ""?????????????????# *d! #????????????????? | | ""?????????????????# = #????????????????? | | ??????????????## #????????????????? | | ??????????????????#######%## #????????????????? | | ??????????????????# * #? ????????????????? | | ??????????????????# #######??##???????????????? | | ??????????????????# #?????????????????????????? | | ??????????????????# #?????????????????????????? | | ??????????????# ### ##????????????????????????? | | ??????????????# #????????????????????????? | | ??????????????###### #??###???########????????? | | ?????############??# ### ##??# #????????? | | ???### #### #??# # #????????? | | ??## ## #??# ## # #????????? | | ?## ## ##??# ## # #????????? | | ?# #### ##???# ## # #????????? | | ?# #??# ######????#!## ####?????? | | ## ##??# ##??########[## ##????? | | ###???## ##???# ## #????? | | ### ##?????## #????# * ## #????? | | ??# #??????# #????# ##### # #????? | | ??# #??????# ##???# #??## ##????? | | ??# #??????# ##### #??# < #?????? | | ??## ##??????# #??# ##?????? | +----------------------------------------------------+ Best States ------------- Heat Dissipation 35 Energy Generation 10 Energy Capacity 250 Matter Stores 181 Matter Capacity 300 Sight Range 16 Terrain Scan Density 10 Evasion (%) 50 Recoil Reduction 2 Item Schematics ----------------- None Robot Schematics ------------------ None Fabricated ------------ Nothing Repaired ---------- Nothing Studied --------- None Alien Tech Used ----------------- None Achievements -------------- None Challenges ------------ None Game ------ Seed MachineResetReconstructor Manual? 0 Play Time 00:11:27 Cumulative 6.6 hours Start 2025.12.30 @ 14:39:28 End 2025.12.30 @ 14:50:32 Sessions 1 Manual Loads 0 Difficulty Rogue Special Mode None Game No. 24 Rogue 24 Adventurer 0 Explorer 0 Win Type - Total 0 Types 0/0/0/0/0/0/0/0/0/0 Lore% 5 Gallery% 9 Achievement% 9 Wizard Run 0 Options --------- Layout 1 ASCII 0 Keyboard 0 Movement Mouse Keybinds 0 Fullscreen 1 Font 24/Smallcaps Map View 50x35 Zoom Use 0% Tactical HUD 0 Map Filters NONE Filters NONE Steam 1 RUN: 22eedb67-975b-4b25-960b-bda066572f2c